 Dungeon Crawl Stone Soup version 0.27-a0-650-g8dd3ea4f36 (webtiles) character file.

Game seed: 5903333254328206197

109040 shoop the Severer (level 16, -11/154 HPs)
             Began as a Palentonga Abyssal Knight on Mar 15, 2021.
             Was the Champion of Lugonu.
             Killed from afar by a deep elf zephyrmancer (29 damage)
             ... with a bolt of lightning
             ... on level 1 of the Elven Halls on Mar 16, 2021.
             The game lasted 01:30:37 (31513 turns).

shoop the Severer (Palentonga Abyssal Knight)      Turns: 31513, Time: 01:30:41

Health: -11/154    AC: 26    Str: 31    XL:     16   Next: 4%
Magic:  25/25      EV: 11    Int: 17    God:    Lugonu [******]
Gold:   464        SH:  0    Dex: 10    Spells: 15/15 levels left

rFire    . . .     SeeInvis +   t - +11 halberd of Red Wine {distort, +Blink rN+ Int+3 Dex-5}
rCold    . . .     Faith    +   (shield currently unavailable)
rNeg     + . .     Spirit   .   G - +4 ring mail
rPois    .         Reflect  .   z - +0 helmet {SInv}
rElec    .         Harm     .   E - +0 cloak {Will+}
rCorr    .         Rampage  .   j - +2 pair of gloves {archery}
Will     +++..                  (no barding)
Stlth    ..........             C - amulet of faith
HPRegen  0.35/turn              O - ring "Vaawet" {+Inv AC+4 Str+6 Int-5 Dex+2}
MPRegen  0.19/turn              Z - ring "Anuqy" {*Contam Will+ Str+6 Int+6}

@: curled up
A: large, rugged brown scales 3, see invisible, deformed body, roll 1, armoured
tail, reflexive curl
a: Rolling Charge, Renounce Religion, Evoke Blink, Evoke Invisibility, Depart
the Abyss, Bend Space, Banish, Corrupt, Enter the Abyss, Brand Weapon With
Distortion


You were on level 1 of the Elven Halls.
You worshipped Lugonu.
Lugonu was exalted by your worship.
You visited 4 branches of the dungeon, and saw 24 of its levels.
You visited the Abyss 1 time.
You also visited: Gauntlet.

You collected 1912 gold pieces.
You spent 1448 gold pieces at shops.

Inventory:

Hand Weapons
 t - the +11 halberd of Red Wine (weapon) {distort, +Blink rN+ Int+3 Dex-5}
   (You took it off a gnoll on level 3 of the Dungeon)

   It warps and distorts space around it.
   Unwielding it can cause banishment or high damage.
   It affects your intelligence (+3).
   It affects your dexterity (-5).
   It protects you from negative energy.
   It lets you blink.
Missiles
 h - 7 curare-tipped darts
 p - 71 poisoned darts
 s - 45 boomerangs (quivered)
 T - 23 javelins
Armour
 j - a +2 pair of gloves of archery (worn)
 z - a +0 helmet of see invisible (worn)
 E - a +0 cloak of willpower (worn)
 G - a +4 ring mail (worn)
 K - a +2 ring mail of cold resistance
Jewellery
 r - a +4 ring of protection
 y - a ring of protection from cold
 C - an amulet of faith (around neck)
 F - a +6 ring of intelligence
 O - the ring "Vaawet" (right hand) {+Inv AC+4 Str+6 Int-5 Dex+2}
   (You took it off a minotaur in a Gauntlet)

   [ring of protection]

   It affects your AC (+4).
   It affects your strength (+6).
   It affects your intelligence (-5).
   It affects your dexterity (+2).
   It lets you turn invisible.
 R - a ring of positive energy
 X - a ring of flight
 Z - the ring "Anuqy" (left hand) {*Contam Will+ Str+6 Int+6}
   (You found it on level 12 of the Dungeon)

   [ring of strength]

   It affects your strength (+6).
   It affects your intelligence (+6).
   It affects your willpower, your defense against some magical effects.
   It causes magical contamination when unequipped.
Wands
 a - a wand of paralysis (19)
 i - a wand of flame (16)
 w - a wand of charming (11)
 D - a wand of digging (7)
 I - a wand of polymorph (26)
 L - a wand of random effects (58)
 Q - a wand of iceblast (42)
Scrolls
 c - 4 scrolls of fog
 g - 12 scrolls of teleportation
 n - 4 scrolls of immolation
 o - 2 scrolls of identify
 u - 5 scrolls of amnesia
 v - 2 scrolls of magic mapping
 B - a scroll of enchant armour
 M - a scroll of blinking
 N - a scroll of fear
 S - 2 scrolls of summoning
Potions
 d - 4 potions of might
 e - 12 potions of curing
 f - 4 potions of flight
 k - a potion of lignification
 l - 6 potions of heal wounds
 m - a potion of resistance
 q - 4 potions of brilliance
 A - 3 potions of haste
 H - 4 potions of attraction
 J - 5 potions of cancellation
 P - 2 potions of mutation
 W - a potion of ambrosia
 Y - a potion of magic
Miscellaneous
 b - a phial of floods
 x - a tin of tremorstones (2/2)
 U - a box of beasts
 V - a phantom mirror


   Skills:
 + Level 13.4 Fighting
 * Level 16.9(17.5) Axes
 - Level 7.8(12.8) Polearms
 - Level 1.0 Throwing
 - Level 3.0 Armour
 - Level 9.0 Dodging
 - Level 13.0 Invocations
 + Level 5.9 Evocations


You had 15 spell levels left.
You didn't know any spells.
Your spell library contained the following spells:

 Spells                   Type           Power      Damage    Failure   Level
 Animate Skeleton         Necr           0%         N/A       32%         1
 Magic Dart               Conj           0%         1d3       32%         1
 Pain                     Necr           0%         1d4       32%         1
 Blink                    Tloc           N/A        N/A       45%         2
 Call Imp                 Summ           0%         N/A       45%         2
 Slow                     Hex            0%         N/A       45%         2
 Sublimation of Blood     Necr           0%         N/A       45%         2
 Conjure Flame            Conj/Fire      0%         6-21      69%         3
 Gell's Gravitas          Tloc           0%         N/A       69%         3
 Ignite Poison            Fire/Tmut/Pois 0%         N/A       69%         3
 Lesser Beckoning         Tloc           0%         N/A       69%         3
 Mephitic Cloud           Conj/Pois/Air  0%         N/A       69%         3
 Teleport Other           Tloc           0%         N/A       69%         3
 Vampiric Draining        Necr           0%         2d6       69%         3
 Animate Dead             Necr           0%         N/A       97%         4
 Manifold Assault         Tloc           0%         N/A       97%         4
 Petrify                  Tmut/Erth      0%         N/A       97%         4
 Agony                    Necr           0%         N/A       100%        5
 Alistair's Intoxication  Tmut/Pois      0%         N/A       100%        5
 Irradiate                Conj/Tmut      0%         3d14      100%        5
 Eringya's Noxious Bog    Tmut/Pois      0%         N/A       100%        6
 Hydra Form               Tmut           0%         N/A       100%        6
 Statue Form              Tmut/Erth      0%         N/A       100%        6
 Dragon Form              Tmut           0%         N/A       100%        7


Dungeon Overview and Level Annotations

Branches:
Dungeon (15/15)            Temple (0/1) D:6            Lair (6/6) D:10
 Shoals (0/4) Lair:2       Spider (0/4) Lair:2          Orc (2/2) D:11
    Elf (1/3) Orc:2        Vaults (0/5) D:13         Depths (0/5) D:15
Gauntlet (visited)
  Slime: Lair:5-6

Altars:
Ashenzari
Dithmenos
Elyvilon
Hepliaklqana
Kikubaaqudgha
Makhleb
Ru
Trog
The Shining One
Beogh

Shops:
D:4 *   D:10 =   D:12 *   Orc:2 !(**

Portals:
Abyss: D:3

Annotations:
D:12 Sonja
D:15 corrupted
Lair:5 exclusion: oklob plant
Lair:6 corrupted
Abyss:1 Snorg


Innate Abilities, Weirdness & Mutations

You are completely covered in rugged brown scales. (AC +3, +7% HP)
You have supernaturally acute eyesight. (SInv)
Armour fits poorly on your strangely shaped body.
You can roll at nearby foes to attack.
You have a long armoured tail.
You curl defensively after being hit.


Message History

The deep elf zephyrmancer points at you and mumbles some strange words.
The bolt of lightning hits you!!
You reach to attack!
You puncture the deep elf zephyrmancer!
The deep elf zephyrmancer is moderately wounded.
The deep elf zephyrmancer blinks!
You closely miss the deep elf zephyrmancer.
Your tail-slap misses the deep elf zephyrmancer.
The deep elf zephyrmancer is moderately wounded.
The deep elf zephyrmancer mumbles some strange words.
The deep elf zephyrmancer blinks!
The deep elf zephyrmancer gestures at you while chanting.
The bolt of lightning hits you!!
You closely miss the deep elf zephyrmancer.
The deep elf zephyrmancer is moderately wounded.
The deep elf zephyrmancer misses you.
You closely miss the deep elf zephyrmancer.
The deep elf zephyrmancer is moderately wounded.
The deep elf zephyrmancer mumbles some strange words.
The deep elf zephyrmancer blinks!
The deep elf zephyrmancer points at you and mumbles some strange words.
The bolt of lightning hits you!! The bolt of lightning hits you!
The deep elf zephyrmancer points at you and mumbles some strange words.
The bolt of lightning misses you.
Reach: t) +11 halberd of Red Wine {distort, +Blink rN+ Int+3 Dex-5}
Press: ? - help, Dir - move target, f/p - deep elf zephyrmancer
Aim: a deep elf zephyrmancer, wielding a +0 rapier and wearing a +0 ring mail (moderately wounded, about 31% to evade the +11 halberd of Red Wine)
You reach to attack!
You slice the deep elf zephyrmancer!!
You kill the deep elf zephyrmancer!
Lugonu accepts your kill. The fire elemental hits you.
The fire elemental burns you!
You impale the fire elemental!!
Space bends around the fire elemental.
You destroy the fire elemental!
Okay, then.
The fire elemental hits you. The fire elemental burns you!
* * * LOW HITPOINT WARNING * * *
The deep elf zephyrmancer points at you and mumbles some strange words.
The bolt of lightning hits you!!
* * * LOW HITPOINT WARNING * * *
The bolt of lightning hits you!!
You die...

..... #........# # (....
#........# .....#
#.......## ......#
#.....)### ......§##
###......# ..○.....#
##.......# ........#
######........#
e......e###E..)'....[...#
.......Ee○°@####.......##
.......###### #......##
......# ##....## .....#
##..## ....# ### ####


You could see an earth elemental, 2 deep elf zephyrmancers and a fire elemental
(summoned).

Vanquished Creatures
  Kirke (D:15)
  Louise (D:15)
  An orc warlord (Orc:2)
  A minotaur (Gauntlet)
  Azrael (Orc:2)
  A fire dragon (D:14)
  Josephine (D:11)
  An ogre mage (D:15)
  A boulder beetle (D:13)
  A centaur warrior (D:13)
  3 catoblepae
  A tengu warrior (D:14)
  7 death yaks
  6 two-headed ogres
  3 orc high priests (Orc:2)
  2 skeletal warriors (D:15)
  An iron troll (D:14)
  4 unseen horrors
  5 deep elf zephyrmancers (Elf:1)
  6 orc sorcerers (Orc:2)
  5 deep elf pyromancers
  4 orc knights (Orc:2)
  A wolf spider (Gauntlet)
  2 cyclopes (D:15)
  10 ugly things
  6 slime creatures
  6 elephants (Lair:6)
  Maurice (D:9)
  2 black mambas
  An ice statue (Gauntlet)
  5 cane toads
  2 rime drakes (Gauntlet)
  2 kobold demonologists
  Psyche (D:9)
  2 freezing wraiths (D:13)
  A yaktaur (D:11)
  An efreet (D:15)
  6 komodo dragons
  A komodo dragon (shapeshifter) (D:15)
  A tengu conjurer (D:14)
  5 jumping spiders
  13 trolls
  A polar bear (Lair:2)
  4 blink frogs
  A snapping turtle (Lair:2)
  17 dream sheep
  3 water elementals (D:14)
  7 redbacks
  4 wraiths (D:11)
  A large abomination (Gauntlet)
  A yak (shapeshifter) (D:13)
  A vampire (D:15)
  3 fire elementals (Orc:2)
  3 wyverns
  20 yaks
  2 shadows
  3 basilisks
  2 hogs (D:15)
  6 vampire mosquitoes
  Menkaure (D:6)
  A soldier ant (D:15)
  5 wargs
  11 water moccasins
  3 hell hounds (Orc:2)
  An acid dragon (D:12)
  An ice beast (D:12)
  43 orc warriors
  3 sky beasts
  9 black bears
  A necrophage (D:13)
  15 ogres
  2 hornet zombies
  A boggart (D:12)
  5 phantoms
  8 wolves
  The ghost of Shayle the Vexing, an amateur DsAM (D:3)
  11 centaurs
  3 kobold brigands
  17 bullfrogs
  2 wyvern zombies (D:10)
  3 scorpions
  A troll zombie (D:11)
  8 small abominations
  5 killer bees (D:12)
  4 howler monkeys
  4 electric eels
  A quasit (D:10)
  A centaur zombie (D:8)
  7 hounds
  An iron imp (D:3)
  4 jellies
  31 orc priests
  2 bullfrog zombies (D:11)
  2 bullfrog skeletons (D:9)
  4 centaur skeletons
  5 iguanas
  25 orc wizards
  10 worker ants
  4 ogre zombies (D:11)
  2 hound skeletons
  3 worker ant zombies
  6 gnolls
  15 adders
  2 ufetubi
  An adder skeleton (D:9)
  2 worms
  5 leopard geckos
  129 orcs
  A ball python (D:3)
  9 giant cockroaches
  5 goblins
  6 hobgoblins
  11 jackals
  3 quokkas
  11 bats
  13 frilled lizards
  3 goblin skeletons (D:11)
  A goblin zombie (D:11)
  A hobgoblin skeleton (D:11)
  A hobgoblin zombie (D:11)
  19 kobolds
  An orc skeleton (D:11)
  12 orc zombies (D:11)
  A quokka zombie (D:6)
  A rat (D:2)
735 creatures vanquished.

Vanquished Creatures (others)
  Jorgrun (D:15)
  A hydra (Lair:6)
  4 death yaks (Lair:6)
  A two-headed ogre (D:15)
  A wolf spider zombie (D:15)
  A glowing orange brain (D:15)
  5 ugly things (D:15)
  A black mamba (Lair:6)
  A kobold demonologist (D:15)
  A komodo dragon (Lair:6)
  A polar bear (Lair:6)
  A jumping spider (shapeshifter) (D:15)
  8 blink frogs (Lair:6)
  4 slime creatures (D:15)
  4 yaks (Lair:6)
  2 humans (D:15)
  2 water moccasins (Lair:6)
  An orc priest (Orc:2)
  An orc wizard (Orc:2)
  An ufetubus (D:9)
  An orc (D:15)
  A quokka (D:8)
  4 kobolds (D:15)
  A bush (Lair:6)
  60 fungi
  59 plants
  18 starspawn tentacles
186 creatures vanquished.

Grand Total: 921 creatures vanquished

Notes
Turn   | Place    | Note
-------+----------+-------------------------------------------
     0 | Abyss:1  | shoop the Palentonga Abyssal Knight began the quest for the
                  | Orb.
     0 | Abyss:1  | Reached XP level 1. HP: 20/20 MP: 2/2
    33 | Abyss:1  | Noticed a rust devil
    43 | Abyss:1  | Noticed a tentacled starspawn
    89 | D:1      | Escaped the Abyss
   207 | D:1      | Reached * piety under Lugonu
   246 | D:1      | Reached XP level 2. HP: 27/27 MP: 3/3
   546 | D:1      | Reached skill level 3 in Axes
  1186 | D:1      | Reached XP level 3. HP: 24/33 MP: 4/4
  1538 | D:2      | Reached skill level 1 in Throwing
  1841 | D:2      | Found a broken altar of Ashenzari.
  1851 | D:2      | Reached ** piety under Lugonu
  2007 | D:2      | Reached XP level 4. HP: 22/40 MP: 5/5
  2509 | D:3      | Reached skill level 4 in Axes
  2851 | D:3      | Reached XP level 5. HP: 48/48 MP: 7/7
  3119 | D:3      | Identified the +11 halberd of Red Wine {distort, +Blink rN+
                  | Int+3 Dex-5}
  3119 | D:3      | Noticed Shayle's ghost (amateur DsAM)
  3138 | D:3      | Found a transporter.
  3160 | D:3      | Found a transporter.
  3166 | D:3      | Found a one-way gate to the infinite horrors of the Abyss.
  3205 | D:3      | Reached skill level 5 in Axes
  3476 | D:3      | Killed Shayle's ghost
  3477 | D:3      | Reached XP level 6. HP: 47/54 MP: 8/8
  3643 | D:3      | Found a shadowy altar of Dithmenos.
  3692 | D:4      | Found Jiaffe's Assorted Antiques.
  3820 | D:4      | Reached skill level 6 in Axes
  3878 | D:4      | Gained mutation: You curl defensively after being hit.
                  | [Palentonga growth]
  3878 | D:4      | Reached XP level 7. HP: 34/60 MP: 10/10
  4104 | D:4      | Reached skill level 5 in Invocations
  4465 | D:5      | Entered Level 5 of the Dungeon
  4517 | D:4      | Bought a shiny bone wand for 124 gold pieces
  4517 | D:4      | Bought a scroll labelled NOKASIVV FAERPHOU for 31 gold
                  | pieces
  4517 | D:4      | Bought a purple potion for 27 gold pieces
  4517 | D:4      | Bought a bubbling golden potion for 27 gold pieces
  4690 | D:5      | Reached *** piety under Lugonu
  4750 | D:6      | Reached skill level 1 in Polearms
  4834 | D:6      | Noticed Menkaure
  4837 | D:6      | Killed Menkaure
  5012 | D:6      | Found a bloodstained altar of Trog.
  5023 | D:6      | Reached XP level 8. HP: 59/70 MP: 12/12
  5407 | D:6      | Found a staircase to the Ecumenical Temple.
  5534 | D:7      | Found a glowing golden altar of the Shining One.
  5626 | D:8      | Noticed a troll
  5633 | D:8      | Killed a troll
  5782 | D:8      | Reached skill level 5 in Polearms
  5793 | D:8      | Reached skill level 5 in Fighting
  5832 | D:8      | Found a white marble altar of Elyvilon.
  5844 | D:8      | Reached XP level 9. HP: 60/79 MP: 14/14
  6047 | D:8      | Reached **** piety under Lugonu
  6175 | D:9      | Noticed Psyche
  6191 | D:9      | Killed Psyche
  6257 | D:9      | Noticed a troll
  6263 | D:9      | Killed a troll
  6334 | D:9      | Found a hazy altar of Hepliaklqana.
  6342 | D:9      | Found a burning altar of Makhleb.
  6346 | D:9      | Found a glowing golden altar of the Shining One.
  6410 | D:9      | Noticed Maurice
  6422 | D:9      | Killed Maurice
  6587 | D:9      | Reached XP level 10. HP: 89/89 MP: 16/16
  6700 | D:9      | Noticed a two-headed ogre
  6706 | D:9      | Banished a two-headed ogre
  6812 | D:10     | Entered Level 10 of the Dungeon
  6812 | D:10     | Found an ancient bone altar of Kikubaaqudgha.
  6813 | D:10     | Found Vusuti's Jewellery Emporium.
  6903 | D:10     | Found a staircase to the Lair.
  6978 | D:10     | Reached skill level 7 in Axes
  7006 | D:10     | Reached ***** piety under Lugonu
  7015 | D:10     | Reached skill level 1 in Dodging
  7482 | D:10     | Reached skill level 1 in Evocations
  7940 | D:11     | Noticed a purple ugly thing
  7954 | D:10     | Killed a purple ugly thing
  8007 | D:11     | Noticed Snorg
  8291 | D:11     | Banished Snorg
  8292 | D:11     | Reached skill level 8 in Axes
  8292 | D:11     | Reached XP level 11. HP: 100/100 MP: 13/18
  8780 | D:11     | Found a staircase to the Orcish Mines.
  8885 | D:11     | Noticed Josephine
  8892 | D:11     | Killed Josephine
  8903 | D:11     | Reached skill level 9 in Axes
  9081 | D:11     | Reached skill level 10 in Invocations
  9314 | Orc:1    | Entered Level 1 of the Orcish Mines
  9630 | Orc:2    | Entered Level 2 of the Orcish Mines
  9630 | Orc:2    | Noticed a two-headed ogre
  9841 | Orc:1    | Banished a two-headed ogre
  9914 | Orc:2    | Noticed a two-headed ogre
  9926 | Orc:2    | Banished a two-headed ogre
 10621 | Orc:2    | Noticed a two-headed ogre
 10637 | Orc:2    | Killed a two-headed ogre
 10638 | Orc:2    | Reached skill level 10 in Axes
 11577 | Orc:2    | Reached XP level 12. HP: 109/111 MP: 19/19
 11685 | Orc:2    | Reached ****** piety under Lugonu
 12140 | Orc:2    | Found a staircase to the Elven Halls.
 12177 | Orc:2    | Noticed Azrael
 12607 | Lair:1   | Entered Level 1 of the Lair of Beasts
 13018 | Lair:1   | Reached skill level 5 in Dodging
 13208 | Lair:1   | Reached skill level 11 in Axes
 13417 | Lair:2   | Noticed a four-headed hydra
 13420 | Lair:2   | Banished a four-headed hydra
 13517 | Lair:2   | Noticed a five-headed hydra
 13519 | Lair:2   | Banished a five-headed hydra
 13973 | Lair:2   | Reached skill level 10 in Fighting
 14665 | Lair:2   | Found a hole to the Spider Nest.
 15081 | Lair:2   | Found a staircase to the Shoals.
 15322 | Lair:3   | Noticed a catoblepas
 15323 | Lair:3   | Noticed a boulder beetle
 15487 | Lair:3   | Killed a catoblepas
 15488 | Lair:3   | Reached skill level 12 in Axes
 15488 | Lair:3   | Reached XP level 13. HP: 118/120 MP: 21/21
 15841 | Lair:6   | Entered Level 6 of the Lair of Beasts
 17181 | Lair:6   | Corrupted Lair:6
 17181 | Lair:6   | Noticed a starcursed mass
 17181 | Lair:6   | Noticed a bone dragon
 17181 | Lair:6   | Noticed a starcursed mass
 17181 | Lair:6   | Noticed a tentacled starspawn
 17181 | Lair:6   | Noticed a tentacled starspawn
 17181 | Lair:6   | Noticed a starcursed mass
 17182 | Lair:6   | Noticed a starcursed mass
 17186 | Lair:6   | Reached skill level 13 in Axes
 17190 | Lair:6   | HP: 6/123 [small abomination[Lugonu's corruption] (15)]
 17234 | Lair:6   | Noticed a starcursed mass
 18276 | Lair:6   | Reached XP level 14. HP: 119/132 MP: 23/23
 19445 | Orc:2    | Killed Azrael
 20238 | Orc:2    | Noticed an orc warlord
 20261 | Orc:2    | Killed an orc warlord
 20262 | Orc:2    | Reached skill level 14 in Axes
 21516 | Orc:2    | Found Cith's Assorted Antiques.
 21566 | Orc:2    | Found Sedue's General Store.
 21997 | Orc:2    | Found Loggalig's Distillery.
 22153 | Orc:2    | Found Zumiq's Weapon Shoppe.
 22266 | Orc:2    | Bought a sedimented red potion for 24 gold pieces
 22266 | Orc:2    | Bought an encrusted garnet ring for 135 gold pieces
 22266 | Orc:2    | Bought a scroll labelled UQUSOE MEAM for 27 gold pieces
 22294 | Orc:2    | Bought a potion of curing for 36 gold pieces
 22354 | Orc:2    | Bought a potion of cancellation for 112 gold pieces
 22354 | Orc:2    | Bought a potion of magic for 112 gold pieces
 22354 | Orc:2    | Bought a potion of heal wounds for 70 gold pieces
 22354 | Orc:2    | Bought a potion of might for 56 gold pieces
 22413 | Orc:2    | Bought a scroll of identify for 24 gold pieces
 22973 | D:12     | Found a broken altar of Ashenzari.
 22978 | D:12     | Identified the ring "Anuqy" {*Contam Will+ Str+6 Int+6}
 23292 | D:12     | Noticed Sonja
 23676 | D:12     | Found Sefuavvo's Assorted Antiques.
 23733 | D:12     | Identified a scroll of acquirement
 23744 | D:12     | Reached skill level 15 in Axes
 24187 | D:12     | Bought an ichor-stained scale mail for 351 gold pieces
 24187 | D:12     | Identified the +1 scale mail of Forking Paths {rN+ Str-2
                  | Slay+2} (You bought it in a shop on level 12 of the
                  | Dungeon)
 24187 | D:12     | Bought a glowing helmet for 292 gold pieces
 24329 | D:13     | Reached XP level 15. HP: 127/142 MP: 24/24
 24361 | D:13     | Found a gate leading to a gauntlet.
 24528 | Gauntlet | Entered a Gauntlet
 24528 | Gauntlet | Found a transporter.
 24528 | Gauntlet | Found a transporter.
 24528 | Gauntlet | Found a transporter.
 24529 | Gauntlet | Found a transporter.
 24530 | Gauntlet | Found a transporter.
 24533 | Gauntlet | Found a transporter.
 24545 | Gauntlet | Found a transporter.
 24547 | Gauntlet | Found a transporter.
 24547 | Gauntlet | Found a transporter.
 24549 | Gauntlet | Found a transporter.
 24559 | Gauntlet | Found the +12 Vampire's Tooth {vamp}
 24559 | Gauntlet | Found a transporter.
 24560 | Gauntlet | Found a transporter.
 25328 | Gauntlet | Identified the ring "Vaawet" {+Inv AC+4 Str+6 Int-5 Dex+2}
 26395 | D:13     | Found a gate to the Vaults.
 27648 | D:14     | Reached skill level 16 in Axes
 28955 | D:15     | Entered Level 15 of the Dungeon
 29223 | D:15     | Noticed Kirke
 29233 | D:15     | Killed Kirke
 29234 | D:15     | Reached skill level 5 in Evocations
 29296 | D:15     | Noticed Louise
 29310 | D:15     | Killed Louise
 29761 | D:15     | Noticed Jorgrun
 29781 | D:15     | Corrupted D:15
 29781 | D:15     | Noticed a tentacled starspawn
 29782 | D:15     | Noticed a tentacled starspawn
 29785 | D:15     | Noticed a tentacled starspawn
 29789 | D:15     | Noticed a tentacled starspawn
 29793 | D:15     | Killed Jorgrun
 29796 | D:15     | Noticed a tentacled starspawn
 29877 | D:15     | Found a staircase to the Depths.
 30180 | D:15     | Found a sacrificial altar of Ru.
 31083 | Elf:1    | Entered Level 1 of the Elven Halls
 31389 | Elf:1    | Reached XP level 16. HP: 129/154 MP: 25/25
 31513 | Elf:1    | Killed from afar by a deep elf zephyrmancer

Illustrated notes

Levels and vault maps discovered:
D:1:      eino_arrival_water_star, layout_basic, chequers_arboretum,
          minmay_lizard_king
D:2:      layout_basic, nicolae_overflow_hidden_temple, evilmike_ruin_ashenzari
D:3:      layout_rooms, grunt_dithmenos_smoke_and_mirrors,
          gammafunk_ghost_abyssal_escape, minmay_box_of_dots
D:4:      layout_cave_pools, serial_shops, shop
D:5:      layout_gridville, overflow_temple_1_default, uniq_duvessa,
          uniq_eustachio
D:6:      layout_basic, trog_ov_bears_minmay, temple_green, uniq_menkaure
D:7:      layout_loops_ring, basic_altar
D:8:      layout_loops_ring, elyvilon_altar_4
D:9:      layout_basic, minitemple, uniq_maurice, uniq_psyche
D:10:     layout_roguey, david_lair_shrubbed, serial_shops,
          nicolae_shop_statue_plus, basic_altar
D:11:     layout_big_octagon, zombieorc1_lemuel, centaur_isle, uniq_josephine,
          uniq_snorg
D:12:     layout_roguey [special_room_orc], serial_shops, nicolae_shop_crystal,
          basic_altar, minmay_checkerbox, uniq_sonja
D:13:     layout_loops_ring, david_vaults_4, gauntlet_entry_generic
D:14:     lemuel_troll_bridge, layout_rooms, palyth_stone_intersect
D:15:     gammafunk_enter_depths_forms, layout_basic,
          minmay_misc_feat_secret_circle, nicolae_ru_sacrificial_ziggurat,
          uniq_jorgrun, uniq_kirke, uniq_louise
Lair:1:   layout_concentric_octagons, serial_forest,
          infiniplex_forest_clump_curved, infiniplex_forest_straight_2,
          infiniplex_forest_lined_room_3, infiniplex_forest_end_1,
          infiniplex_forest_lined_room_, infiniplex_forest_lined_corner,
          grunt_forest_small_clearing_treed
Lair:2:   layout_regular_city, minmay_shoals_entry_hut,
          nicolae_spider_entry_tight_spaces, beast_lair_carwin_1
Lair:3:   layout_cave_pods, grunt_megastairs_5
Lair:4:   beast_lair_carwin_large_2, layout_hall_layers,
          gammafunk_lair_bear_cave
Lair:5:   layout_misc_corridors, minmay_slime_entry_oklob_enclosed,
          infiniplex_staircase_pool, lemuel_fruit_tree
Lair:6:   grunt_lair_end_beastmaster, layout_long_grid
Orc:1:    layout_diamond_mine
Orc:2:    pubby_orc_utopia, uniq_azrael
Elf:1:    minmay_elf_arrival_summoners, layout_gridlike, minmay_elf_necromancy,
          st_stairs_2, library_closet

Skill      XL: |  1  2  3  4  5  6  7  8  9 10 11 12 13 14 15 |
---------------+----------------------------------------------+-----
Axes           | 3 4 5 6 8 10 12 13 15 16 | 16.9
Throwing       | 1 |  1.0
Invocations    | 3 4 5 7 8 9 10 11 12 13 | 13.0
Polearms       | 3 5 7 |  7.8
Fighting       | 4 5 6 7 9 10 11 12 13 | 13.4
Dodging        | 2 4 6 7 8 9 |  9.0
Armour         | 2 3 |  3.0
Evocations     | 2 3 5 |  5.9

Action                   |  1- 3 |  4- 6 |  7- 9 | 10-12 | 13-15 | 16-18 || total
-------------------------+-------+-------+-------+-------+-------+-------++-------
Melee: Hand axe          |   132 |    69 |       |       |       |       ||   201
       Tailslap          |     9 |    11 |     6 |    48 |   123 |       ||   197
       Halberd           |       |    49 |   183 |   577 |  1052 |    18 ||  1879
Throw: Dart              |       |     5 |     4 |    40 |    17 |       ||    66
       Boomerang         |       |     2 |     4 |       |     5 |       ||    11
Invok: Depart the Abyss  |     1 |       |       |       |       |       ||     1
       Banish            |       |       |       |    17 |    23 |       ||    40
       Bend Space        |       |       |       |     5 |     8 |       ||    13
       Corrupt           |       |       |       |       |     2 |       ||     2
 Abil: Rolling Charge    |    10 |     7 |       |     1 |     1 |       ||    19
       Evoke Flight      |       |       |       |       |     2 |       ||     2
Evoke: Tin of tremorston |       |       |       |       |     1 |       ||     1
  Use: Scroll            |       |     3 |     4 |     4 |    14 |       ||    25
 Stab: Petrified         |       |       |       |       |     2 |       ||     2
       Distracted        |       |       |       |       |     2 |       ||     2
Armor: Leather armour    |    55 |    46 |    37 |       |       |       ||   138
       Troll leather arm |       |       |    37 |     4 |       |       ||    41
       Skin              |       |       |    16 |       |       |       ||    16
       Ring mail         |       |       |       |   224 |   345 |     8 ||   577
Dodge: Dodged            |    64 |    43 |    46 |   176 |   316 |     3 ||   648

Table legend: (Time is in decaauts)
 A = Elapsed time spent in this place.
 B = Non-inter-level travel time spent in this place.
 C = Inter-level travel time spent in this place.
 D = Time resting spent in this place.
 E = Time spent auto-exploring this place.
 F = Levels seen in this place.
 G = Mean time per level.
                   A        B        C        D        E       F      G
               +--------+--------+--------+--------+--------+-----+--------+
         Total |  31561 |  29979 |   1582 |   6717 |  17435 |  26 | 1213.9 |
       Dungeon |  17262 |  16429 |    833 |   2490 |  10959 |  15 | 1150.8 |
          Lair |   6710 |   6473 |    237 |   1563 |   3836 |   6 | 1118.3 |
  Orcish Mines |   6118 |   5607 |    511 |   2146 |   2203 |   2 | 3059.0 |
   Elven Halls |    424 |    424 |      0 |    127 |    223 |   1 |  424.0 |
         Abyss |     89 |     89 |      0 |      0 |     33 |   1 |   89.0 |
      Gauntlet |    957 |    957 |      0 |    390 |    180 |   1 |  957.0 |
               +--------+--------+--------+--------+--------+-----+--------+

Top non-repeatable levels by time:
   Orc:2: 5078 daAuts
  Lair:6: 1995 daAuts
  Lair:2: 1976 daAuts
    D:15: 1970 daAuts
    D:13: 1962 daAuts
    D:14: 1805 daAuts
    D:11: 1771 daAuts
  Lair:5: 1630 daAuts
    D:12: 1503 daAuts
     D:1: 1456 daAuts
    D:10: 1445 daAuts
     D:3: 1203 daAuts
   Orc:1: 1040 daAuts
     D:2: 971 daAuts
Gauntlet: 957 daAuts
